 Dungeon Crawl Stone Soup version 0.17.1-1-g73c8601 (webtiles) character file.

207 RepoMan the Chopper (level 5, -4/42 HPs)
             Began as a Minotaur Warper on Dec 16, 2015.
             Slain by Sanvar's ghost (16 damage)
             ... on level 3 of the Dungeon.
             The game lasted 00:12:01 (2268 turns).

RepoMan the Chopper (Minotaur Warper)               Turns: 2268, Time: 00:12:02

Health: -4/42      AC:  3    Str: 15    XL:     5   Next: 54%
Magic:  2/6        EV:  8    Int: 10    God:
Gold:   167        SH:  0    Dex: 16    Spells: 3 memorised, 2 levels left

rFire  . . .     SeeInvis .     p - +0 war axe
rCold  . . .     Clarity  .     b - +0 leather armour
rNeg   . . .     SustAt   .     (no shield)
rPois  .         Gourm    .     (helmet restricted)
rElec  .         Spirit   .     (no cloak)
rCorr  .         Warding  .     (no gloves)
rMut   .         Stasis   .     (no boots)
MR     .....                    (no amulet)
Stlth  +.........               (no ring)
                                o - +5 ring of dexterity

@: very slightly contaminated, not resistant to hostile enchantments, very
unstealthy
A: retaliatory headbutt, horns 2
a: no special abilities


You were on level 3 of the Dungeon.
You were not hungry.

You visited 1 branch of the dungeon, and saw 3 of its levels.

You collected 167 gold pieces.

Inventory:

Hand Weapons
 p - a +0 war axe (weapon)
Missiles
 e - a tomahawk of dispersal (quivered)
 g - 14 bolts
Armour
 b - a +0 leather armour (worn)
Jewellery
 o - a +5 ring of dexterity (left hand)
Wands
 a - a wand of polymorph (2)
Scrolls
 d - a scroll of blinking
 h - 6 scrolls of identify {unknown}
 i - a scroll of enchant weapon {unknown}
 k - 2 scrolls of fear {unknown}
 l - 2 scrolls of noise {unknown}
 r - a scroll of teleportation {unknown}
Potions
 m - a potion of heal wounds {unknown}
 n - a potion of cancellation {unknown}
Books
 c - a book of Spatial Translocations

   Spells                             Type                      Level
   a - Apportation                    Translocation                1
   b - Blink                          Translocation                2
   c - Shroud of Golubria             Charms/Translocation         2
   d - Portal Projectile              Translocation                3
   e - Teleport Other                 Translocation                3
   f - Passage of Golubria            Translocation                4
 q - a book of Transfigurations

   Spells                             Type                      Level
   a - Stoneskin                      Transmutation/Earth          2
   b - Irradiate                      Conjuration/Transmutation    5
   c - Statue Form                    Transmutation/Earth          6
   d - Hydra Form                     Transmutation                6
   e - Dragon Form                    Transmutation                7
Comestibles
 f - 2 bread rations
 j - a meat ration
 s - a chunk of flesh


   Skills:
 - Level 2.4 Fighting
 * Level 4.6 Axes
 - Level 1.0 Throwing
 + Level 2.4 Armour
 + Level 3.2 Dodging
 + Level 1.7 Spellcasting
 * Level 3.1 Translocations


You had 2 spell levels left.
You knew the following spells:

 Your Spells              Type           Power        Failure   Level  Hunger
a - Apportation           Tloc           #.........   12%         1    ##.....
b - Blink                 Tloc           N/A          17%         2    ###....
c - Shroud of Golubria    Chrm/Tloc      #.........   30%         2    ###....


Dungeon Overview and Level Annotations

Branches:
Dungeon (3/15)

Altars:
Elyvilon

Annotations:
D:3 Sanvar's ghost, amateur HuFi


Innate Abilities, Weirdness & Mutations

You reflexively headbutt those who attack you in melee.
You have a pair of horns on your head.


Message History

Sanvar's ghost is lightly damaged.
Sanvar's ghost hits you! Sanvar's ghost hits you.
You hit Sanvar's ghost.
Sanvar's ghost is moderately damaged.
Sanvar's ghost closely misses you.
You barely miss Sanvar's ghost.
Sanvar's ghost is moderately damaged.
Sanvar's ghost barely misses you.
You barely miss Sanvar's ghost. Your headbutt misses Sanvar's ghost.
Sanvar's ghost is moderately damaged.
Sanvar's ghost closely misses you. Sanvar's ghost barely misses you.
You hit Sanvar's ghost.
Sanvar's ghost is moderately damaged.
Sanvar's ghost closely misses you.
You hit Sanvar's ghost.
Sanvar's ghost is moderately damaged.
Sanvar's ghost hits you!
* * * LOW HITPOINT WARNING * * *
Sanvar's ghost hits you!
You die...

#........)..W....
...###.###..<..##
#.####)###.......
#..........##$###
##.####.###.# #
............#
##.##.......##
#.#W##...#
#.#@.รท...#
...[..>..#.#.....
#######...........
#..#.#......
#......#...#
#.#.#.##...#
#...... ..#
###.#.##


You could see Sanvar's ghost.

Vanquished Creatures
  A spider (D:2)
  A sheep (D:2)
  5 gnolls
  2 oozes (D:2)
  A giant gecko (D:2)
  3 bats
  3 giant cockroaches (D:2)
  2 hobgoblins (D:2)
  8 jackals
  4 kobolds
  A quokka (D:2)
  3 giant newts
  2 goblins (D:1)
  7 rats
43 creatures vanquished.

Vanquished Creatures (others)
  A plant (D:3)
1 creature vanquished.

Grand Total: 44 creatures vanquished

Notes
Turn   | Place    | Note
--------------------------------------------------------------
     0 | D:1      | RepoMan the Minotaur Warper began the quest for the Orb.
     0 | D:1      | Reached XP level 1. HP: 18/18 MP: 1/1
   404 | D:1      | Reached XP level 2. HP: 25/25 MP: 3/3
   426 | D:1      | Reached skill level 3 in Axes
   942 | D:1      | Learned a level 2 spell: Blink
  1156 | D:2      | Found a white marble altar of Elyvilon.
  1192 | D:2      | Reached XP level 3. HP: 30/30 MP: 4/4
  1343 | D:2      | Noticed a spider
  1343 | D:2      | a worm changed into a spider
  1359 | D:2      | Killed a spider
  1359 | D:2      | Reached skill level 4 in Axes
  1359 | D:2      | Reached XP level 4. HP: 18/37 MP: 5/5
  1359 | D:2      | Reached XP level 5. HP: 20/42 MP: 6/6
  1706 | D:2      | Learned a level 2 spell: Shroud of Golubria
  2246 | D:3      | Noticed Sanvar's ghost (amateur HuFi)
  2268 | D:3      | Slain by Sanvar's ghost

Action                   |  1- 3 |  4- 6 || total
-------------------------+-------+-------++-------
Melee: Hand axe          |    46 |       ||    46
       War axe           |    13 |    58 ||    71
Throw: Tomahawk          |     4 |       ||     4
 Cast: Apportation       |     2 |     1 ||     3
       Shroud of Golubri |       |     3 ||     3
Evoke: Wand              |     3 |       ||     3
 Stab: Sleeping          |       |     1 ||     1
  Eat: Chunk             |     1 |     4 ||     5
